woodfighter, neutral female human Wizard ---- --- |..---- |.---.....--- |............. |...........- --- |.).......--- |.| -.--....------ --.---- . --...| --.-- |.....--- ---.---...| |-......| |.....--- |.......--- ---- --.....| |-........| |.*--- ---.....-|----...@.....---....-- |........--.|...G.G.....|......| |..............[...............-- --...........<[..................--- |...........).)....................-- |......|......[..|.--...............| --....---......----------.......|.|.| --.--- ---..--- --..|..------ --- ---- ------- woodfighter the Conjurer Experience level: 5 Strength: 11 Dexterity: 11 Constitution: 13 Intelligence: 19 Wisdom: 16 Charisma: 6 Health: 0(40) Energy: 69(69) Def: 1 Gold: 13 Moves: 1583 Dungeon seed: VgElGnfI8TTpB26l Game ID: woodfighter_1447322540 Your Inventory: Coins $ - 13 gold pieces Weapons a - a blessed +1 quarterstaff (weapon in hands) Armor e - an uncursed +0 cloak of magic resistance (being worn) n - an uncursed +0 dwarvish iron helm q - an uncursed +0 dwarvish cloak y - an uncursed +0 Hawaiian shirt z - a cursed -1 dwarvish cloak F - an uncursed +0 dwarvish cloak Comestibles k - an uncursed cram ration l - 3 uncursed food rations I - an uncursed fortune cookie Spellbooks N - an uncursed spellbook of cure sickness Potions M - an uncursed potion of paralysis Wands O - a wand of striking (0:6) Tools c - an uncursed skeleton key s - an uncursed sack v - 11 uncursed tallow candles (0:200) H - a +0 pick-axe Gems r - an uncursed worthless piece of white glass Contents of the sack: 147 gold pieces an uncursed scroll of confuse monster a cursed scroll of create monster an uncursed scroll of destroy armor an uncursed scroll of enchant weapon an uncursed scroll of identify an uncursed scroll of light an uncursed scroll of scare monster a blessed scroll of teleportation a blessed spellbook of force bolt an uncursed spellbook of stone to flesh an uncursed potion of confusion an uncursed potion of water an uncursed ring of conflict a wand of create monster (0:11) a wand of digging (0:8) a wand of nothing (0:8) an uncursed aquamarine stone an uncursed dilithium crystal an uncursed flint stone an uncursed jade stone an uncursed worthless piece of green glass an uncursed worthless piece of orange glass Spells and supernatural/magical abilities: Name Level Category Fail Memory a - force bolt 1 attack 0% 93% S - stone to flesh 3 healing 79% 93% W - pray for help -- divine ? -- Your skills at the end: Miscellaneous Skills wands [Basic] Weapon Skills quarterstaff [Basic] Spellcasting Skills attack spells [Basic] enchantment spells [Basic] Final Attributes: You were devoutly aligned. You were magic-protected. You are dead. Vanquished creatures: a shrieker 4 gnome lords a gnomish wizard 4 dwarves a wererat a coyote 3 hobbits 2 cave spiders 12 gnomes 4 jackals a fox 5 newts a goblin 2 sewer rats 8 grid bugs 3 lichens 2 kobold zombies 55 creatures vanquished. Voluntary challenges: You did not adorn yourself with jewelry or accessories. You were an atheist. You used a wielded weapon 42 times, starting on turn 33. You did not apply a unicorn horn. You were illiterate. You never genocided any monsters. You never polymorphed an object. You never changed form. You used no wishes. You never split a pudding. You never wrote Elbereth's name. You never violated your personal moral code. Dungeon overview: The Dungeons of Doom: levels 1 to 2 Level 1 (vault) a fountain, a sink a long staircase Level 2 a fountain stairs to The Gnomish Mines The Gnomish Mines: levels 3 to 4 Level 3 stairs to The Dungeons of Doom Level 4 <- You were here History has recorded: On T:1 you entered the Dungeons of Doom to retrieve the Amulet of Yendor! On T:333 you reached level 2 of The Dungeons of Doom. On T:855 you advanced to experience level 2. On T:979 you reached level 1 of The Gnomish Mines. On T:1002 you advanced to experience level 3. On T:1094 you advanced to experience level 4. On T:1127 you reached level 2 of The Gnomish Mines. On T:1318 you advanced to experience level 5. Score breakdown: Gold: 160 ( 16 points) Experience: 5 levels ( 400 points) Exploration: 4 levels ( 90 points) Discoveries: 2 items ( 100 points) Variety of kills: 17 monsters ( 850 points) Major goal: (nothing yet) ( 0 points) Survival: died (score multiplied by 3) Total score: 4368 Latest messages: Something punches you! (2x) Something hits! Something punches you! (2x) The combat suddenly awakens you. You hit the gnome! The gnome swings her bow. The gnome hits! The gnome punches you! You die... Final status: Goodbye woodfighter the Wizard, killed by a gnome... You died in The Gnomish Mines on dungeon level 4 with 4368 points, and 160 pieces of gold, after 1583 moves. You were level 5 with a maximum of 40 hit points when you died.